Map: Taito Citadel LE

Players

HoldTheDoor - Winner!

  • Race: Protoss Protoss
  • League: Diamond
  • Spawn Location: 5:00

Timefortim

  • Race: Protoss Protoss
  • League: Master
  • Spawn Location: 11:00

VOD

Have the link to the VOD?

Description

Time

  • Played on: May 3, 2026, 12:40 p.m.
  • Length: 16:37
Show
View Real Time Build Order
Export as new Build Order

HoldTheDoor Protoss - Winner!

Build Orders: Archon Immortal 

Get SALT Encoding   

  12  0:00  Probe  
  13  0:12  Probe  
  14  0:17  Pylon  
  14  0:24  Probe  
  15  0:32  Probe  
  15  0:39  Gateway  
  15  0:40  Probe  
  16  0:49  Assimilator  
  17  0:50  Probe  
  18  1:03  Probe, Assimilator  
  19  1:15  Probe  
  20  1:18  Gateway  
  20  1:27  Probe  
  20  1:32  Cybernetics Core  
  21  1:39  Probe, Pylon  
  22  1:51  Probe  
  23  2:02  Warp Gate  
  23  2:03  Probe  
  23  2:05  Stalker x2  
  28  2:12  Pylon  
  28  2:16  Probe  
  29  2:28  Probe  
  30  2:32  Stalker  
  30  2:35  Sentry  
  34  2:41  Pylon  
  34  3:01  Robotics Facility  
  34  3:23  Probe  
  35  3:33  Nexus  
  35  3:34  Pylon  
  35  3:35  Probe  
  35  3:39  Pylon  
  36  3:48  Probe  
  37  3:55  Twilight Council  
  37  3:57  Immortal  
  37  4:00  Probe  
  42  4:06  Stalker  
  42  4:08  Sentry  
  46  4:13  Shield Battery  
  46  4:19  Shield Battery  
  46  4:24  Pylon  
  46  4:31  Stalker  
  46  4:37  Zealot  
  50  4:38  Charge  
  50  4:40  Probe  
  51  4:49  Observer  
  52  4:59  Zealot x2  
  56  5:07  Pylon  
  56  5:16  Gateway  
  56  5:22  Probe  
  56  5:23  Probe  
  58  5:37  Zealot  
  58  5:38  Zealot  
  58  5:41  Immortal  
  66  5:46  Gateway  
  66  5:47  Gateway  
  66  5:50  Probe  
  66  5:51  Probe  
  68  6:00  Zealot x2  
  68  6:03  Probe  
  73  6:08  Pylon  
  73  6:15  Probe  
  73  6:16  Forge  
  73  6:18  Probe  
  75  6:26  Immortal  
  55  7:26  Stalker x5, Protoss Ground Weapons Level 1  
  55  7:28  Immortal  
  67  7:34  Templar Archives  
  67  7:36  Pylon  
  67  7:38  Gateway  
  67  7:40  Gateway  
  67  7:42  Gateway  
  67  7:45  Gateway  
  67  7:50  Zealot x5  
  77  7:57  Assimilator  
  77  8:01  Probe  
  77  8:05  Assimilator  
  78  8:08  Photon Cannon x2  
  78  8:09  Observer  
  79  8:20  Blink  
  79  8:28  Pylon  
  79  8:32  Probe  
  80  8:38  Probe  
  81  8:44  Probe  
  81  8:45  Shield Battery  
  81  8:46  Pylon  
  82  8:48  High Templar  
  82  8:49  High Templar  
  82  8:50  Zealot x2, Probe  
  91  9:15  Nexus  
  91  9:16  Photon Cannon  
  91  9:18  Probe x2  
  93  9:26  High Templar x3  
  93  9:29  Zealot  
  93  9:31  Archon  
  101  9:36  High Templar  
  103  9:39  Protoss Ground Armor Level 1  
  103  9:40  Archon  
  103  9:41  Zealot x2  
  103  9:45  Zealot  
  109  9:46  Sentry  
  109  9:47  Probe  
  112  9:57  Probe  
  114  10:00  Probe  
  114  10:07  Pylon  
  114  10:09  Probe  
  115  10:24  Stalker  
  115  10:25  Immortal  
  115  10:26  Stalker  
  123  10:30  Pylon  
  123  10:32  Pylon  
  123  10:39  Probe x3  
  126  10:45  Stalker x2  
  130  10:51  Probe  
  130  10:54  Pylon  
  131  10:58  Probe, Photon Cannon  
  131  10:59  Probe  
  133  11:08  Assimilator  
  133  11:10  Stalker x2  
  137  11:16  Pylon  
  137  11:18  Stalker x2  
  137  11:21  Sentry  
  137  11:23  Sentry  
  137  11:25  Stalker  
  147  11:29  Stalker  
  147  11:30  Protoss Ground Armor Level 2  
  147  11:32  Stalker  
  151  11:37  Assimilator, Probe  
  151  11:38  Probe x2  
  154  11:49  Shield Battery  
  154  11:51  Pylon  
  154  11:53  Forge  
  154  11:56  Pylon  
  154  12:04  Probe  
  154  12:05  Probe  
  154  12:06  Probe  
  154  12:07  Stalker x3  
  163  12:33  Stargate  
  163  12:34  Stargate  
  163  12:36  Stargate  
  163  13:01  Nexus  
  163  13:02  Pylon  
  163  13:05  Pylon, Protoss Ground Weapons Level 2  
  163  13:07  Stalker x7, Pylon  
  163  13:09  Assimilator  
  163  13:11  Assimilator  
  177  13:20  Phoenix x2  
  177  13:22  Phoenix  
  183  13:38  Stalker  
  183  13:39  Stalker x4  
  193  13:52  Phoenix x2  
  193  13:53  Phoenix  
  173  14:29  Stalker x5  
  173  14:30  Stalker x4  
  185  14:32  Phoenix  
  165  15:09  Stalker x2  
  165  15:10  Stalker x7  
  177  15:19  Phoenix x2  
  173  15:34  Stalker x2  
  171  15:45  Probe  
  172  16:03  Gateway  
  172  16:04  Gateway  
  172  16:10  Phoenix x2  
Show
View Real Time Build Order
Export as new Build Order

Timefortim Protoss 

Build Orders:  

Get SALT Encoding   

  12  0:02  Probe  
  13  0:14  Probe  
  13  0:18  Pylon  
  14  0:25  Probe  
  15  0:33  Probe  
  15  0:39  Gateway  
  15  0:41  Probe  
  16  0:49  Assimilator  
  17  0:53  Probe  
  18  0:59  Assimilator  
  18  1:05  Probe  
  19  1:12  Gateway  
  19  1:17  Probe  
  20  1:29  Probe  
  20  1:31  Cybernetics Core  
  21  1:37  Pylon  
  21  1:41  Probe  
  22  1:56  Probe  
  22  1:58  Stalker x2  
  22  2:00  Warp Gate  
  27  2:12  Pylon  
  27  2:13  Probe  
  28  2:21  Stalker  
  28  2:24  Stalker  
  32  2:36  Pylon  
  30  3:19  Stalker x2  
  30  3:22  Nexus  
  34  3:32  Gateway  
  34  3:37  Shield Battery, Probe  
  35  3:49  Twilight Council, Probe  
  36  4:01  Probe  
  37  4:13  Probe  
  37  4:14  Stalker, Gateway  
  37  4:16  Sentry  
  42  4:19  Blink  
  42  4:26  Probe  
  43  4:35  Probe, Forge  
  43  4:38  Probe  
  45  4:47  Probe  
  45  4:50  Probe  
  47  4:59  Probe  
  48  5:01  Protoss Ground Weapons Level 1  
  48  5:02  Probe  
  48  5:03  Stalker  
  51  5:11  Probe  
  52  5:14  Probe  
  52  5:15  Pylon  
  53  5:32  Stalker x3  
  53  5:33  Stalker  
  61  5:38  Probe  
  62  6:00  Pylon  
  62  6:02  Probe x2  
  62  6:03  Stalker x2  
  62  6:04  Stalker  
  70  6:08  Pylon  
  70  6:12  Robotics Facility  
  70  6:19  Pylon  
  56  6:41  Stalker  
  56  6:42  Stalker x3  
  60  7:01  Stargate  
  60  7:05  Assimilator  
  60  7:07  Assimilator  
  60  7:13  Zealot x4  
  60  7:33  Nexus  
  60  7:35  Shield Battery  
  61  7:37  Photon Cannon, Probe x2  
  61  7:40  Pylon  
  62  7:44  Observer  
  62  7:49  Probe  
  62  7:50  Probe  
  65  7:51  Protoss Air Weapons Level 1  
  65  8:01  Probe  
  65  8:02  Probe  
  67  8:06  Observer  
  67  8:10  Photon Cannon  
  67  8:11  Shield Battery  
  68  8:13  Probe  
  68  8:14  Probe  
  68  8:17  Photon Cannon  
  70  8:20  Photon Cannon  
  70  8:22  Protoss Shields Level 1  
  70  8:25  Probe  
  70  8:26  Probe  
  72  8:31  Cybernetics Core  
  72  8:37  Probe  
  72  8:38  Probe  
  72  8:41  Fleet Beacon  
  74  8:42  Assimilator, Stargate  
  74  8:45  Assimilator  
  74  8:49  Probe  
  74  8:50  Probe  
  76  8:58  Probe  
  76  9:01  Probe  
  76  9:02  Probe  
  77  9:03  Observer  
  78  9:10  Probe  
  78  9:11  Void Ray  
  78  9:12  Protoss Air Armor Level 1  
  83  9:32  Photon Cannon  
  83  9:34  Photon Cannon  
  83  9:36  Pylon, Photon Cannon  
  83  9:39  Void Ray  
  83  9:40  Photon Cannon x2  
  83  9:41  Pylon  
  83  9:42  Observer  
  83  9:44  Void Ray  
  88  9:46  Protoss Air Weapons Level 2  
  88  9:47  Flux Vanes  
  92  10:02  Observer  
  93  10:19  Protoss Shields Level 2  
  97  10:24  Void Ray  
  97  10:27  Void Ray  
  101  10:41  Photon Cannon  
  101  10:43  Photon Cannon  
  101  10:45  Shield Battery  
  101  10:47  Pylon  
  101  10:54  Stargate  
  105  11:07  Void Ray  
  105  11:10  Void Ray  
  109  11:42  Protoss Air Armor Level 2  
  109  11:46  Photon Cannon  
  113  11:48  Photon Cannon  
  113  11:50  Void Ray, Photon Cannon  
  113  11:51  Shield Battery  
  113  11:53  Void Ray  
  117  11:55  Shield Battery, Photon Cannon  
  117  11:58  Photon Cannon x2  
  117  12:00  Void Ray  
  117  12:01  Pylon  
  121  12:05  Pylon  
  121  12:10  Nexus  
  121  12:12  Pylon  
  117  12:31  Void Ray  
  117  12:34  Void Ray  
  121  12:39  Void Ray  
  101  13:00  Protoss Shields Level 3  
  101  13:06  Void Ray  
  101  13:07  Protoss Air Weapons Level 3  
  101  13:09  Void Ray  
  109  13:16  Void Ray  
  112  13:40  Photon Cannon  
  112  13:41  Photon Cannon  
  112  13:43  Pylon  
  112  13:46  Shield Battery  
  112  13:47  Photon Cannon  
  119  13:49  Void Ray, Photon Cannon  
  119  13:51  Photon Cannon  
  119  13:52  Void Ray  
  119  13:53  Pylon  
  123  14:01  Void Ray  
  120  14:24  Nexus  
  118  14:32  Void Ray  
  118  14:43  Probe  
  118  14:44  Probe  
  120  14:51  Pylon  
  120  14:53  Nexus  
  120  14:55  Pylon, Probe  
  120  14:59  Pylon  
  121  15:03  Pylon  
  100  15:50  Probe x2  
  100  15:52  Probe  
Tags
 
Composition
Archon Immortal
Matchup
PvP
Replay Pack
SC2Mai2026
Spawn Locations
Cross Positions
Add a new tag
Caveats
  • Supply blocks, unpowered buildings, or Contaminate may cause inaccurate times.
  • Supply counts are checked every 10 seconds.